 Dungeon Crawl Stone Soup version 0.22-a0-422-g9628fc8 (webtiles) character file.

56 Gorice the Shooter (level 3, 0/22 HPs)
             Began as a Deep Elf Wanderer on May 18, 2018.
             Slain by a gnoll
             ... wielding a +0 spear
              (2 damage)
             ... on level 2 of the Dungeon.
             The game lasted 00:03:35 (1034 turns).

Gorice the Shooter (Deep Elf Wanderer)              Turns: 1034, Time: 00:03:36

Health: 0/22       AC:  8    Str: 11    XL:     3   Next: 71%
Magic:  5/5        EV:  8    Int: 18    God:
Gold:   62         SH:  0    Dex: 15    Spells: 2/2 levels left

rFire    . . .     SeeInvis .   b - +0 shortbow
rCold    . . .     Gourm    .   (shield currently unavailable)
rNeg     . . .     Faith    .   a - +2 scale mail
rPois    .         Spirit   .   (no helmet)
rElec    .         Reflect  .   (no cloak)
rCorr    .         Harm     .   (no gloves)
MR       .....                  (no boots)
Stlth    ..........             (no amulet)
HPRegen  0.07/turn              m - +4 ring of strength
MPRegen  0.09/turn              (no ring)

@: no status effects
A: no striking features
a: no special abilities


You were on level 2 of the Dungeon.
You were not hungry.

You visited 1 branch of the dungeon, and saw 2 of its levels.

You collected 62 gold pieces.

Inventory:

Hand Weapons
 b - a +0 shortbow (weapon)
 h - a +3 dagger
 k - a cursed -3 spear
Missiles
 c - 83 arrows (quivered)
 p - 8 tomahawks
 Y - 64 stones
Armour
 a - a +2 scale mail (worn)
Jewellery
 m - a +4 ring of strength (left hand)
Scrolls
 g - 3 scrolls of amnesia {unknown}
 i - 2 scrolls of identify
 n - a scroll of teleportation {!r}
Potions
 d - a potion of lignification {!q}
 e - a potion of agility {!q}
Comestibles
 f - 5 rations
 j - 2 chunks of flesh


   Skills:
 - Level 2.4 Fighting
   Level 1.0(1.1) Maces & Flails
   Level 1.0(1.3) Staves
 * Level 3.8 Bows
 - Level 1.0 Throwing
 - Level 2.4 Armour
   Level 1.1 Evocations


You had 2 spell levels left.
You didn't know any spells.
Your spell library was empty.

Dungeon Overview and Level Annotations

Branches:
Dungeon (2/15)

Altars:
Nemelex Xobeh


Message History

You shoot an arrow.
The arrow hits the gnoll but does no damage.
The gnoll is heavily wounded.
The gnoll misses you.
Firing (i - inventory. (/) - cycle)
c - 89 arrows (quivered)
Press: ? - help, Shift-Dir - straight line, f/p - gnoll
Aim: a gnoll, wielding a spear (heavily wounded)
You shoot an arrow. The arrow completely misses the gnoll.
The gnoll barely misses you.
Firing (i - inventory. (/) - cycle)
c - 88 arrows (quivered)
Press: ? - help, Shift-Dir - straight line, f/p - gnoll
Aim: a gnoll, wielding a spear (heavily wounded)
You shoot an arrow. The arrow hits the gnoll!
You kill the gnoll!
Firing (i - inventory. (/) - cycle)
c - 87 arrows (quivered)
Press: ? - help, Shift-Dir - straight line, f - gnoll
Aim: a gnoll, wielding a spear You shoot an arrow.
The arrow hits the goblin!
You kill the goblin!
The gnoll throws a throwing net.
The throwing net hits you.
You become entangled in the net!
You cannot shoot with your shortbow while held in a net.
You cannot shoot with your shortbow while held in a net.
The gnoll barely misses you.
Unknown command.
You tear a large gash into the net.
The gnoll hits you from afar with a spear.
* * * LOW HITPOINT WARNING * * *
Damage: 2 (max 2)
You struggle against the net.
The gnoll completely misses you.
You rip the net and break free!
The gnoll hits you but does no damage.
Firing (i - inventory. (/) - cycle)
c - 86 arrows (quivered)
Press: ? - help, Shift-Dir - straight line, f/p - gnoll
Aim: a gnoll, wielding a spear You shoot an arrow.
The arrow barely misses the gnoll.
The gnoll hits you from afar with a spear.
* * * LOW HITPOINT WARNING * * *
Damage: 6 (max 6) Firing (i - inventory. (/) - cycle)
c - 85 arrows (quivered)
Press: ? - help, Shift-Dir - straight line, f/p - gnoll
Aim: a gnoll, wielding a spear You shoot an arrow.
The arrow hits the gnoll.
The gnoll is heavily wounded.
The gnoll closely misses you. The gnoll hits you but does no damage.
Firing (i - inventory. (/) - cycle)
c - 84 arrows (quivered)
Press: ? - help, Shift-Dir - straight line, f/p - gnoll
Aim: a gnoll, wielding a spear (heavily wounded)
You shoot an arrow. The arrow closely misses the gnoll.
The gnoll hits you from afar with a spear.
You die...

.#####+#.#.#.####.#
.........#.#.# #.#
.........#.#.# #.#
...........#.# #.#
.......)<..#.####.#
.........###.#<...#
.............######
.......(#######
.......@.......
...###.#.###### .#.
#. g# # #. )# #. (#
.. .# #. .# #. ..


You could see a gnoll.

Vanquished Creatures
  3 gnolls (D:2)
  An adder (D:1)
  4 bats
  3 hobgoblins (D:1)
  4 kobolds (D:1)
  A frilled lizard (D:2)
  2 goblins
  A rat (D:1)
19 creatures vanquished.

Notes
Turn   | Place    | Note
-------+----------+-------------------------------------------
     0 | D:1      | Gorice the Deep Elf Wanderer began the quest for the Orb.
     0 | D:1      | Gorice set off with: a +2 scale mail, a +0 shortbow, 19 arrows, a potion of lignification {!q}, a ration
     0 | D:1      | Reached XP level 1. HP: 13/13 MP: 3/3
    76 | D:1      | Reached skill level 1 in Bows
   173 | D:1      | Reached XP level 2. HP: 18/18 MP: 4/4
   353 | D:1      | Found a sparkling altar of Nemelex Xobeh.
   445 | D:1      | Reached skill level 2 in Bows
   721 | D:2      | HP: 5/18 [gnoll/halberd (3)]
   723 | D:2      | HP: 2/18 [poisoned by an adder]
   734 | D:1      | HP: 8/27 [poisoned by an adder]
   741 | D:1      | HP: 5/27 [poisoned by an adder]
  1010 | D:2      | Reached skill level 3 in Bows
  1010 | D:2      | Reached XP level 3. HP: 8/22 MP: 5/5
  1032 | D:2      | HP: 1/22 [gnoll/spear (6)]
  1034 | D:2      | Slain by a gnoll

Vault maps used:
D:1:      eino_arrival_druids_welcome, nemelex_diamond_rough_becter
D:2:      fedhas_altar_4

Skill      XL: |  1  2 |
---------------+-------+-----
Bows           | 1 3 |  3.8
Fighting       | |  2.4
Maces & Flails | |  1.0
Staves         | |  1.0
Throwing       | |  1.0
Armour         | |  2.4
Evocations     | |  1.1

Action                   || total
-------------------------++-------
 Fire: Shortbow          ||    80
  Use: Scroll            ||     5
       Potion            ||     2
Armor: Scale mail        ||    28
       Skin              ||    10
Dodge: Dodged            ||    33

Table legend:
 A = Spawn XP
 B = Non-spawn XP
 C = Spawn XP percentage of total XP
 D = Spawn monster count
 E = Non-spawn monster count
 F = Spawn count percentage of total count
 G = Total turns spent on level
                    A         B        C        D         E        F      G
               +---------+---------+-------+---------+---------+-------+---------
         Total |       0 |      81 |   0.0 |       0 |      19 |   0.0 |  1034
               +---------+---------+-------+---------+---------+-------+---------
           D:1 |       0 |      33 |   0.0 |       0 |      13 |   0.0 |   958
           D:2 |       0 |      48 |   0.0 |       0 |       6 |   0.0 |    76
               +---------+---------+-------+---------+---------+-------+---------

Table legend:
 A = Turns spent in this place as a percentage of turns spent in the entire game.
 B = Non-inter-level travel turns spent in this place as a percentage of non-inter-level travel turns spent in the entire game.
 C = Inter-level travel turns spent in this place as a percentage of turns spent in this place.
 D = Turns resting spent in this place as a percentage of non-inter-level travel turns spent in this place.
 E = Turns spent auto-exploring this place as a percentage of non-inter-level travel turns spent in this place.
 F = Non-inter-level travel turns spent in this place divided by the number of levels of this place that you've seen.
                   A       B       C       D       E      F
               +-------+-------+-------+-------+-------+----------------------
         Total | 100.0 | 100.0 |   0.3 |  25.0 |  37.2 | 515.5
       Dungeon | 100.0 | 100.0 |   0.3 |  25.0 |  37.2 | 515.5
               +-------+-------+-------+-------+-------+----------------------

Vault maps used:
D:1:      eino_arrival_druids_welcome, nemelex_diamond_rough_becter
D:2:      fedhas_altar_4
